 Dungeon Crawl Stone Soup version 0.31-a0-1591-g515db51633 (webtiles) character file.

Game seed: 12716073637100138210

17 Xavori the Trooper (level 2, 0/25 HPs)
             Began as a Djinni Chaos Knight on Jan 6, 2024.
             Was a Plaything of Xom.
             Slain by a quasit (3 damage)
             ... summoned by Xom
             ... on level 2 of the Dungeon.
             The game lasted 00:00:34 (730 turns).

Xavori the Trooper (Djinni Chaos Knight)             Turns: 730, Time: 00:00:34

Health: 0/25       AC:  5    Str: 11      XL:     2   Next: 80%
Gold:   31         EV: 11    Int: 13      God:    Xom [....*.] SH:  0 Dex:  8 (12)

rFire   + + .        a - +0 falchion (chaos)
rCold   x . .        (no shield)
rNeg    . . .        b - +2 leather armour
rPois   ∞            (no helmet)
rElec   .            (no cloak)
rCorr   .            (no gloves)
SInv    .            (boots unavailable)
Will    .....        (no amulet)
Stlth   +            (no ring)
HPRegen 0.24/turn    (no ring)
MPRegen 0.00/turn

%: infuse magic (-1 HP)
@: flying
A: sickness immunity, fire resistance 2, cold vulnerability 1, float, innate
caster, HP casting, extra vitality 1
a: Renounce Religion


You were on level 2 of the Dungeon.
You worshipped Xom.
You were a beloved toy of Xom.
You visited 1 branch of the dungeon, and saw 2 of its levels.

You collected 31 gold pieces.

Inventory:

Hand Weapons
 a - a +0 falchion of chaos (weapon)
Armour
 b - a +2 leather armour (worn)
Scrolls
 c - a scroll of butterflies
 d - 3 scrolls of identify {unknown}
 e - a scroll of revelation {unknown}
 f - a scroll of enchant armour {unknown}
Potions
 g - a potion of degeneration {unknown}


   Skills:
 + Level 3.1 Fighting
 + Level 2.8 Long Blades
 + Level 1.2 Armour
 + Level 2.3 Dodging
 * Level 0.7 Spellcasting
 * Level 0.7 Conjurations
 * Level 0.7 Hexes
   Level 0.0 Charms
 * Level 0.7 Summonings
 * Level 0.7 Necromancy
 * Level 0.7 Translocations
   Level 0.0 Transmutations
 * Level 0.7 Fire Magic
 * Level 0.7 Ice Magic
 * Level 0.7 Air Magic
 * Level 0.7 Earth Magic
 * Level 0.7 Alchemy You didn't know any spells. Your spell library was empty.

Dungeon Overview and Level Annotations

Branches:
Dungeon (2/15)

Altars:


Innate Abilities, Weirdness & Mutations

You are immune to sickness and miasma.
You are immune to poison.
Your flesh is very heat resistant. (rF++)
You are vulnerable to cold. (rC-)
You float through the air rather than walking.
You learn spells naturally, not from books.
Your magical power is your life essence.
You have superior vitality. (+4 MHP)


Message History

The quasit misses you. The quasit barely misses you.
Unknown command.
You hit the quasit.
The quasit seems to speed up.
Xom is mildly amused.
The quasit is lightly wounded.
The quasit closely misses you. The quasit claws you.
* * * LOW HITPOINT WARNING * * *
You feel clumsy. The quasit closely misses you. The quasit bites you.
* * * LOW HITPOINT WARNING * * *
The quasit claws you.
* * * LOW HITPOINT WARNING * * *
You feel clumsy. The quasit misses you.
The crimson imp blinks!
You closely miss the quasit.
The quasit is lightly wounded.
The quasit barely misses you. x2; The quasit closely misses you.
The quasit barely misses you.
The quasit claws you but does no damage.
The quasit misses you. The quasit closely misses you.
The quasit claws you but does no damage. x2
You hit the quasit.
The quasit is moderately wounded.
The quasit closely misses you. x2; The quasit misses you.
The quasit bites you.
* * * LOW HITPOINT WARNING * * *
The quasit closely misses you. The quasit barely misses you.
Unknown command.
You completely miss the quasit.
The quasit is moderately wounded.
The quasit bites you but does no damage.
The quasit claws you.
* * * LOW HITPOINT WARNING * * *
The quasit claws you but does no damage.
The quasit closely misses you. The quasit misses you.
The quasit claws you but does no damage.
You barely miss the quasit.
The quasit is moderately wounded.
The quasit bites you.
You die...
Xom yawns loudly!

.# .. .# .# .# ##
.# .. ##.#
#.########@#
###........5##
...........5.#
#..$#.<#####....#
# #..# ##..# ####
.# #


You could see a quasit (summoned, fast, vitrified) and a crimson imp (summoned).

Vanquished Creatures
  3 ball pythons (D:1)
  3 endoplasms (D:1)
  A giant cockroach (D:1)
  2 goblins (D:1)
  2 kobolds (D:1)
  A bat (D:1)
  3 frilled lizards (D:1)
  A rat (D:1)
16 creatures vanquished.

Notes
Turn   | Place    | Note
-------+----------+-------------------------------------------
     0 | D:1      | Xavori the Djinni Chaos Knight began the quest for the Orb.
     0 | D:1      | Reached XP level 1. HP: 20/20 MP: 0/0
    26 | D:1      | XOM: silly message
    46 | D:1      | Reached XP level 2. HP: 25/25 MP: 0/0
   292 | D:1      | XOM: silly message
   463 | D:1      | XOM: god gift: 5 stones
   609 | D:1      | XOM is BORED!
   701 | D:1      | XOM: summons 2 hostile demons
   702 | D:1      | Noticed a quasit
   713 | D:2      | XOM: summons 2 hostile demons
   714 | D:2      | Noticed a crimson imp
   714 | D:2      | Noticed a quasit
   730 | D:2      | Slain by a quasit

Illustrated notes

Levels and vault maps discovered:
D:1:      dpeg_arrival_stonehenge_12_columns, layout_basic
D:2:      layout_loops_ring, minmay_misc_feat_roman, uniq_natasha

Action                     || total
---------------------------++-------
  Melee: Falchion          ||    50
 Armour: Leather armour    ||    60
  Dodge: Dodged            ||    62

Table legend: (Time is in decaauts)
 A = Elapsed time spent in this place.
 B = Non-inter-level travel time spent in this place.
 C = Inter-level travel time spent in this place.
 D = Time resting spent in this place.
 E = Time spent auto-exploring this place.
 F = Levels seen in this place.
 G = Mean time per level.
                   A        B        C        D        E       F      G
               +--------+--------+--------+--------+--------+-----+--------+
         Total |    739 |    725 |     14 |    236 |    351 |   2 |  369.5 |
       Dungeon |    739 |    725 |     14 |    236 |    351 |   2 |  369.5 |
               +--------+--------+--------+--------+--------+-----+--------+

Top non-repeatable levels by time:
     D:1: 710 daAuts
     D:2: 29 daAuts
